Map: Acropolis LE

Players

SortOf

  • Race: Zerg Zerg
  • League: Master
  • Spawn Location: 5:00

llllllllllll (Stats) - Winner!

  • Race: Protoss Protoss
  • League: Grandmaster
  • Spawn Location: 11:00

Event: HomeStory Cup XIX

VOD

Have the link to the VOD?

Description

Time

  • Played on: June 27, 2019, 1:05 p.m.
  • Length: 10:12

All games in this series

Show
View Real Time Build Order
Export as new Build Order

SortOf Zerg 

Build Orders: Hatch First 

Get SALT Encoding   

  12  0:00  Drone  
  13  0:12  Overlord  
  13  0:17  Drone  
  14  0:30  Drone x2  
  14  0:34  Drone  
  17  0:51  Hatchery  
  17  0:55  Drone  
  17  0:58  Drone  
  18  1:10  Spawning Pool  
  17  1:12  Extractor  
  17  1:15  Drone  
  17  1:18  Drone  
  18  1:28  Drone  
  19  1:40  Drone  
  20  1:49  Overlord  
  20  1:58  Queen  
  22  2:04  Zergling x4, Queen  
  26  2:11  Drone  
  27  2:16  Drone  
  28  2:28  Drone x2  
  30  2:30  Hatchery  
  30  2:33  Pneumatized Carapace  
  29  2:38  Drone  
  29  2:40  Zergling x2  
  31  2:47  Overlord  
  31  2:49  Drone  
  32  2:59  Drone x2  
  33  3:06  Zergling x2  
  33  3:09  Drone, Queen  
  37  3:17  Drone  
  39  3:20  Drone x3  
  39  3:21  Overlord  
  41  3:28  Drone  
  41  3:29  Metabolic Boost  
  41  3:33  Drone  
  43  3:37  Overlord  
  43  3:40  Baneling Nest  
  42  3:43  Drone x2  
  42  3:46  Queen  
  46  3:49  Drone  
  46  3:53  Drone x2  
  49  3:56  Drone x2  
  49  3:57  Drone  
  52  4:03  Drone  
  52  4:05  Zergling x2  
  54  4:11  Drone  
  54  4:15  Drone x2, Overlord  
  54  4:16  Roach Warren  
  57  4:17  Drone  
  57  4:19  Overlord  
  57  4:22  Overlord  
  57  4:23  Overlord  
  58  4:27  Overlord  
  58  4:35  Drone x3  
  61  4:38  Extractor  
  61  4:42  Drone x3  
  62  4:46  Drone x3, Extractor  
  62  4:49  Queen  
  66  4:59  Roach  
  80  5:00  Roach x7  
  80  5:04  Drone x2  
  84  5:10  Roach x2  
  84  5:13  Overlord  
  88  5:22  Overlord  
  88  5:23  Roach x2  
  88  5:26  Overlord  
  92  5:30  Overlord  
  92  5:31  Overlord  
  92  5:33  Zergling x2  
  92  5:34  Zergling x8  
  96  5:37  Ravager  
  96  5:38  Extractor, Spine Crawler, Ravager, Overlord  
  96  5:39  Spine Crawler  
  96  5:42  Ravager  
  96  5:46  Roach x2  
  96  5:47  Zergling x2  
  101  5:55  Zergling x4, Roach x2  
  101  5:56  Zergling x2, Roach  
  110  6:01  Zergling x4  
  110  6:02  Zergling x2  
  113  6:07  Zergling x10  
  118  6:17  Zergling x6  
  113  6:20  Lair  
  113  6:24  Roach x4  
  121  6:28  Roach x2  
  121  6:29  Roach  
  127  6:37  Roach x2  
  127  6:38  Roach, Overlord  
  126  6:41  Queen x2  
  126  6:44  Overlord  
  129  6:48  Zergling x4  
  129  6:51  Overlord  
  129  6:53  Ravager  
  132  6:54  Spore Crawler  
  132  6:56  Spore Crawler  
  132  6:59  Spore Crawler  
  127  7:02  Zergling x12  
  127  7:04  Ravager  
  134  7:16  Overlord  
  133  7:25  Glial Reconstitution  
  133  7:27  Drone x9  
  142  7:33  Extractor  
  142  7:36  Drone  
  142  7:37  Drone  
  143  7:38  Drone  
  143  7:39  Spire  
  142  7:47  Roach x4  
  142  7:51  Overlord  
  150  7:55  Roach x4  
  150  7:57  Overlord  
  158  8:01  Overlord  
  158  8:07  Drone x3  
  158  8:08  Extractor, Roach  
  158  8:09  Roach  
  164  8:17  Roach x4  
  162  8:23  Zergling x10  
  165  8:27  Ravager x2  
  165  8:35  Drone x2  
  165  8:36  Overlord  
  165  8:38  Overlord  
  167  8:54  Mutalisk x5  
  177  9:01  Baneling Nest  
  176  9:05  Mutalisk  
  176  9:07  Roach x2  
  176  9:09  Zergling x2, Roach x2  
  188  9:10  Zergling x2  
  183  9:19  Hatchery  
  183  9:20  Roach x6  
  174  9:24  Roach  
  174  9:25  Roach x2  
  174  9:28  Ravager  
  181  9:32  Roach  
  181  9:33  Evolution Chamber, Roach x2  
  181  9:41  Roach  
  181  9:42  Roach x3  
  149  9:49  Roach x3  
  149  9:52  Roach  
Show
View Real Time Build Order
Export as new Build Order

llllllllllll Protoss - Winner!

Build Orders: 1 Gate Expand, Archon Immortal 

Get SALT Encoding   

  12  0:00  Probe  
  13  0:12  Probe  
  14  0:20  Pylon  
  14  0:25  Probe  
  15  0:34  Probe  
  15  0:42  Probe  
  16  0:45  Gateway  
  16  0:48  Assimilator  
  17  0:52  Probe  
  18  1:04  Probe  
  19  1:16  Probe  
  20  1:23  Nexus  
  20  1:32  Cybernetics Core  
  20  1:36  Probe  
  21  1:42  Assimilator  
  21  1:48  Probe  
  21  1:51  Pylon  
  22  1:59  Adept  
  22  2:00  Probe  
  23  2:12  Probe  
  23  2:13  Robotics Facility  
  26  2:21  Warp Gate  
  26  2:24  Probe  
  26  2:29  Stalker  
  29  2:31  Probe  
  29  2:32  Probe  
  31  2:39  Probe  
  31  2:40  Probe  
  32  2:49  Probe  
  32  2:51  Probe  
  34  2:53  Warp Prism  
  35  3:02  Probe  
  35  3:03  Probe  
  39  3:06  Sentry  
  39  3:08  Pylon  
  41  3:14  Probe  
  41  3:15  Probe  
  41  3:19  Gateway  
  43  3:25  Immortal  
  43  3:26  Probe  
  44  3:27  Probe  
  49  3:38  Probe  
  49  3:39  Probe  
  49  3:41  Pylon  
  51  3:45  Assimilator  
  51  3:52  Probe x2  
  51  3:55  Immortal, Gateway  
  53  4:07  Gateway  
  57  4:13  Probe x2  
  57  4:14  Pylon  
  59  4:19  Gateway  
  59  4:22  Gateway  
  59  4:25  Pylon  
  59  4:32  Immortal  
  63  4:42  Sentry x2  
  63  4:45  Gateway  
  67  4:48  Pylon  
  67  4:50  Assimilator  
  67  4:51  Probe  
  68  4:52  Pylon  
  68  4:57  Sentry  
  70  5:02  Stalker  
  70  5:05  Observer  
  73  5:17  Adept  
  75  5:26  Stalker  
  75  5:27  Stalker  
  79  5:29  Zealot x3  
  85  5:37  Pylon  
  85  5:41  Forge, Twilight Council  
  85  5:52  Zealot x4  
  85  5:56  Zealot x3, Pylon  
  99  6:01  Pylon  
  99  6:07  Protoss Ground Weapons Level 1  
  99  6:21  Charge  
  99  6:27  Immortal, Templar Archives  
  103  6:39  Zealot x6  
  113  6:42  Zealot  
  115  6:52  Pylon  
  115  6:53  Pylon  
  115  6:54  Pylon  
  115  7:14  Zealot x3, High Templar x4  
  129  7:17  Immortal  
  133  7:29  Archon  
  133  7:30  Archon  
  133  7:33  Probe x2  
  133  7:36  Pylon  
  135  7:37  Pylon  
  135  7:45  Nexus  
  135  7:47  Pylon  
  135  7:52  High Templar x2  
  135  7:56  Archon  
  139  7:59  Zealot x4  
  147  8:10  Zealot  
  149  8:19  Zealot x4  
  153  8:39  Probe x2  
  153  8:41  Zealot x3  
  159  8:44  High Templar x2  
  159  8:45  Photon Cannon  
  165  8:48  Archon  
  165  8:56  Photon Cannon  
  165  8:57  High Templar  
  165  8:58  High Templar  
  165  9:02  Archon  
  169  9:06  Probe x3  
  170  9:25  Stalker x5  
  170  9:29  Pylon  
  170  9:30  Pylon  
  149  9:46  Stalker  
  149  9:47  Stalker  
  149  9:48  Stalker x2  
  149  9:52  Stalker x2  
  149  9:56  Stalker  
  143  10:12  Stalker x2  
Tags
 
Add a new tag
Caveats
  • Supply blocks, unpowered buildings, or Contaminate may cause inaccurate times.
  • Supply counts are checked every 10 seconds.